| TOP OF THE 1ST |
|
Grand Junction Rockies batting - Pitching for Bristol Pirates : LHP Tommy Tallent
|
|
Pitching: LHP Tommy Tallent
|
|
|
Batting: SHB Rich McDonald
|
0-0: Ball 1-0: Foul Ball, location: 2F 1-1: Ball 2-1: Foul Ball, location: 2F 2-2: SOLO HOME RUN (Flyball, 7D, EV 101.9 MPH), Distance : 374 ft
|
|
Batting: RHB Aaron Burnet
|
0-0: Ball 1-0: Ball 2-0: Foul Ball, location: 2F 2-1: Swinging Strike 2-2: Foul Ball, location: 2F 2-2: TRIPLE (Flyball, 78XD, EV 94.4 MPH)
|
|
Batting: RHB Dan Hoffman
|
0-0: Called Strike 0-1: Ball 1-1: Ground out 5-3 (Groundball, 56S, EV 86.9 MPH) Aaron Burnet scores
|
|
Batting: RHB Ryan Ward
|
0-0: Fly out, F8 (Line Drive, 8RD, EV 99.4 MPH)
|
|
Batting: SHB Oscar Barahona
|
0-0: Swinging Strike 0-1: Swinging Strike 0-2: SOLO HOME RUN (Flyball, 7D, EV 95.6 MPH), Distance : 375 ft
|
|
Batting: LHB Georges Lambert
|
0-0: Ball 1-0: Swinging Strike 1-1: Ball 2-1: Foul Ball, location: 2F 2-2: Foul Ball, location: 2F 2-2: Foul Ball, location: 2F 2-2: Ground out U3 (Groundball, 3, EV 96.9 MPH)
|
| Top of the 1st over - 3 runs, 3 hits, 0 errors, 0 left on base; Grand Junction 3 - Bristol 0 |
| BOTTOM OF THE 1ST |
|
Bristol Pirates batting - Pitching for Grand Junction Rockies : LHP Rafael Lozano
|
|
Pitching: LHP Rafael Lozano
|
|
|
Batting: RHB Matt Derrien
|
0-0: Ball 1-0: Foul Ball, location: 2F 1-1: Called Strike 1-2: Strikes out swinging
|
|
Batting: LHB Ernesto Gasca
|
0-0: Called Strike 0-1: Foul Ball, location: 2F 0-2: Strikes out looking
|
|
Batting: RHB Jon Solis
|
0-0: Called Strike 0-1: Ground out 5-3 (Groundball, 56, EV 86.2 MPH)
|
| Bottom of the 1st over - 0 runs, 0 hits, 0 errors, 0 left on base; Grand Junction 3 - Bristol 0 |
| TOP OF THE 2ND |
|
Grand Junction Rockies batting - Pitching for Bristol Pirates : LHP Tommy Tallent
|
|
Batting: RHB Wei-fang Ping
|
0-0: Foul Ball, location: 2F 0-1: Foul Ball, location: 2F 0-2: Ball 1-2: Ball 2-2: Ball 3-2: Ground out 5-3 (Groundball, 56, EV 106.2 MPH)
|
|
Batting: RHB Xavier Williams
|
0-0: Ground out 5-3 (Groundball, 56, EV 106.9 MPH)
|
|
Batting: RHB Tom Gentry
|
0-0: Called Strike 0-1: Swinging Strike 0-2: Strikes out swinging
|
| Top of the 2nd over - 0 runs, 0 hits, 0 errors, 0 left on base; Grand Junction 3 - Bristol 0 |
| BOTTOM OF THE 2ND |
|
Bristol Pirates batting - Pitching for Grand Junction Rockies : LHP Rafael Lozano
|
|
Batting: SHB Juan Ayala
|
0-0: SINGLE (Line Drive, 6M, EV 94.4 MPH)
|
|
Batting: SHB Nathan Clement
|
0-0: Ball 1-0: Swinging Strike 1-1: Swinging Strike 1-2: Ball 2-2: Foul Ball, location: 2F 2-2: Fly out, F4 (Line Drive, 4, EV 69.4 MPH) Lined into DP, 4-3 (Line Drive, 4, EV 70.6 MPH)
|
|
Batting: RHB Ryan Thurston
|
0-0: Called Strike 0-1: Ball 1-1: Ball 2-1: Called Strike 2-2: Foul Ball, location: 2F 2-2: Foul Ball, location: 2F 2-2: Ball 3-2: Foul Ball, location: 2F 3-2: Strikes out swinging
|
| Bottom of the 2nd over - 0 runs, 1 hit, 0 errors, 0 left on base; Grand Junction 3 - Bristol 0 |
| TOP OF THE 3RD |
|
Grand Junction Rockies batting - Pitching for Bristol Pirates : LHP Tommy Tallent
|
|
Batting: SHB Rich McDonald
|
0-0: Ball 1-0: Foul Ball, location: 2F 1-1: Ball 2-1: Swinging Strike 2-2: Strikes out looking
|
|
Batting: RHB Aaron Burnet
|
0-0: Ball 1-0: Called Strike 1-1: Called Strike 1-2: Ball 2-2: Foul Ball, location: 2F 2-2: DOUBLE (Line Drive, 7LS, EV 96.2 MPH)
|
|
Batting: RHB Dan Hoffman
|
0-0: Called Strike 0-1: Ball 1-1: Ball 2-1: Ball 3-1: Base on Balls
|
|
Batting: RHB Ryan Ward
|
0-0: Called Strike 0-1: Ball 1-1: Grounds into double play, 5-4-3 (Groundball, 56S, EV 85.0 MPH)
|
| Top of the 3rd over - 0 runs, 1 hit, 0 errors, 1 left on base; Grand Junction 3 - Bristol 0 |
| BOTTOM OF THE 3RD |
|
Bristol Pirates batting - Pitching for Grand Junction Rockies : LHP Rafael Lozano
|
|
Batting: LHB Tommie Benefield
|
0-0: Foul Ball, location: 2F 0-1: Called Strike 0-2: Strikes out looking
|
|
Batting: RHB Zachery Loomis
|
0-0: Ball 1-0: Foul Ball, location: 2F 1-1: Swinging Strike 1-2: Foul Ball, location: 2F 1-2: Ball 2-2: Strikes out swinging
|
|
Batting: RHB Brian Brewster
|
0-0: Called Strike 0-1: Foul Ball, location: 2F 0-2: Foul Ball, location: 2F 0-2: Strikes out swinging
|
| Bottom of the 3rd over - 0 runs, 0 hits, 0 errors, 0 left on base; Grand Junction 3 - Bristol 0 |
| TOP OF THE 4TH |
|
Grand Junction Rockies batting - Pitching for Bristol Pirates : LHP Tommy Tallent
|
|
Batting: SHB Oscar Barahona
|
0-0: Called Strike 0-1: Ball 1-1: Called Strike 1-2: Strikes out swinging
|
|
Batting: LHB Georges Lambert
|
0-0: Called Strike 0-1: Ball 1-1: Fly out, F7 (Line Drive, 7LM, EV 98.1 MPH)
|
|
Batting: RHB Wei-fang Ping
|
0-0: Swinging Strike 0-1: Ball 1-1: Foul Ball, location: 2F 1-2: Ball 2-2: Strikes out looking
|
| Top of the 4th over - 0 runs, 0 hits, 0 errors, 0 left on base; Grand Junction 3 - Bristol 0 |
| BOTTOM OF THE 4TH |
|
Bristol Pirates batting - Pitching for Grand Junction Rockies : LHP Rafael Lozano
|
|
Batting: RHB Matt Derrien
|
0-0: Ball 1-0: Foul Ball, location: 2F 1-1: Swinging Strike 1-2: Ball 2-2: Strikes out swinging
|
|
Batting: LHB Ernesto Gasca
|
0-0: Ball 1-0: Ball 2-0: Ground out 4-3 (Groundball, 4, EV 91.2 MPH)
|
|
Batting: RHB Jon Solis
|
0-0: Called Strike 0-1: Foul Ball, location: 2F 0-2: Foul Ball, location: 2F 0-2: Ball 1-2: Foul Ball, location: 2F 1-2: Ball 2-2: Strikes out swinging
|
| Bottom of the 4th over - 0 runs, 0 hits, 0 errors, 0 left on base; Grand Junction 3 - Bristol 0 |
| TOP OF THE 5TH |
|
Grand Junction Rockies batting - Pitching for Bristol Pirates : LHP Tommy Tallent
|
|
Batting: RHB Xavier Williams
|
0-0: Foul Ball, location: 2F 0-1: Ball 1-1: Ball 2-1: Ball 3-1: Foul Ball, location: 2F 3-2: Base on Balls
|
|
Batting: RHB Tom Gentry
|
0-0: Ball 1-0: Grounds into double play, 6-4-3 (Groundball, 6, EV 106.9 MPH)
|
|
Batting: SHB Rich McDonald
|
0-0: Called Strike 0-1: Ball 1-1: Swinging Strike 1-2: Strikes out swinging
|
| Top of the 5th over - 0 runs, 0 hits, 0 errors, 0 left on base; Grand Junction 3 - Bristol 0 |
| BOTTOM OF THE 5TH |
|
Bristol Pirates batting - Pitching for Grand Junction Rockies : LHP Rafael Lozano
|
|
Batting: SHB Juan Ayala
|
0-0: Fly out, F8 (Flyball, 8LD, EV 91.2 MPH)
|
|
Batting: SHB Nathan Clement
|
0-0: Ball 1-0: Called Strike 1-1: Called Strike 1-2: Ground out U3 (Groundball, 3S, EV 92.5 MPH)
|
|
Batting: RHB Ryan Thurston
|
0-0: Called Strike 0-1: Swinging Strike 0-2: Foul Ball, location: 2F 0-2: Strikes out swinging
|
| Bottom of the 5th over - 0 runs, 0 hits, 0 errors, 0 left on base; Grand Junction 3 - Bristol 0 |
| TOP OF THE 6TH |
|
Grand Junction Rockies batting - Pitching for Bristol Pirates : LHP Tommy Tallent
|
|
Batting: RHB Aaron Burnet
|
0-0: Ball 1-0: Called Strike 1-1: Ball 2-1: SINGLE (Groundball, 6MD, EV 103.1 MPH)
|
|
Pitching: RHP Dustin Hamblin
|
|
|
Batting: RHB Dan Hoffman
|
0-0: Ball 1-0: Ball 2-0: Ball Aaron Burnet is caught stealing 2nd base 2-4 3-0: Base on Balls
|
|
Batting: RHB Ryan Ward
|
0-0: Ball 1-0: SINGLE (Line Drive, 5D, EV 94.4 MPH) Dan Hoffman to second
|
|
Batting: SHB Oscar Barahona
|
0-0: Ball 1-0: Foul Ball, location: 2F 1-1: Ball 2-1: Foul Ball, location: 2F 2-2: Foul Ball, location: 2F 2-2: Foul Ball, location: 2F 2-2: Strikes out swinging
|
|
Pitching: LHP Ighlas Kumbuka
|
|
|
Batting: LHB Georges Lambert
|
0-0: Called Strike 0-1: Ground out U3 (Groundball, 34, EV 87.5 MPH)
|
| Top of the 6th over - 0 runs, 2 hits, 0 errors, 2 left on base; Grand Junction 3 - Bristol 0 |
| BOTTOM OF THE 6TH |
|
Bristol Pirates batting - Pitching for Grand Junction Rockies : LHP Rafael Lozano
|
|
Batting: LHB Tommie Benefield
|
0-0: Ball 1-0: Ball 2-0: Called Strike 2-1: Ground out 4-3 (Groundball, 4, EV 81.9 MPH)
|
|
Batting: RHB Zachery Loomis
|
0-0: Called Strike 0-1: Called Strike 0-2: Strikes out swinging
|
|
Batting: RHB Brian Brewster
|
0-0: Ball 1-0: Ground out 3-1 (Groundball, 34, EV 101.9 MPH)
|
| Bottom of the 6th over - 0 runs, 0 hits, 0 errors, 0 left on base; Grand Junction 3 - Bristol 0 |
| TOP OF THE 7TH |
|
Grand Junction Rockies batting - Pitching for Bristol Pirates : LHP Ighlas Kumbuka
|
|
Batting: RHB Wei-fang Ping
|
0-0: Ball 1-0: Called Strike 1-1: Called Strike 1-2: Ball 2-2: SINGLE (Groundball, 34D, EV 96.9 MPH)
|
|
Batting: RHB Xavier Williams
|
0-0: Grounds into double play, 4-6-3 (Groundball, 4, EV 88.8 MPH)
|
|
Batting: RHB Tom Gentry
|
0-0: Swinging Strike 0-1: Foul Ball, location: 2F 0-2: Ground out 5-3 (Groundball, 56, EV 86.2 MPH)
|
| Top of the 7th over - 0 runs, 1 hit, 0 errors, 0 left on base; Grand Junction 3 - Bristol 0 |
| BOTTOM OF THE 7TH |
|
Bristol Pirates batting - Pitching for Grand Junction Rockies : LHP Rafael Lozano
|
|
Batting: RHB Matt Derrien
|
0-0: Foul Ball, location: 2F 0-1: Foul Ball, location: 2F 0-2: Hit by Pitch
|
|
Batting: LHB Ernesto Gasca
|
0-0: Fly out, F8 (Flyball, 8LXD, EV 103.1 MPH)
|
|
Batting: RHB Jon Solis
|
0-0: Ball 1-0: Ball 2-0: Called Strike 2-1: Foul Ball, location: 2F 2-2: Fielders Choice at 2nd, 6-4 (Groundball, 6, EV 108.8 MPH)
|
|
Batting: SHB Juan Ayala
|
0-0: Called Strike 0-1: Ball 1-1: Foul Ball, location: 2F 1-2: Ground out 4-3 (Groundball, 34, EV 105.0 MPH)
|
| Bottom of the 7th over - 0 runs, 0 hits, 0 errors, 1 left on base; Grand Junction 3 - Bristol 0 |
| TOP OF THE 8TH |
|
Grand Junction Rockies batting - Pitching for Bristol Pirates : LHP Ighlas Kumbuka
|
|
Batting: SHB Rich McDonald
|
0-0: Ball 1-0: Fly out, F8 (Flyball, 8LD, EV 96.9 MPH)
|
|
Batting: RHB Aaron Burnet
|
0-0: DOUBLE (Groundball, 3L, EV 101.9 MPH)
|
|
Batting: RHB Dan Hoffman
|
0-0: DOUBLE (Line Drive, 5D, EV 101.2 MPH) Aaron Burnet scores
|
|
Batting: RHB Ryan Ward
|
0-0: Foul Ball, location: 2F 0-1: SINGLE (Groundball, 6MD, EV 96.9 MPH) Dan Hoffman to third Runner from 3rd tries for Home, SAFE, throw by CF to home
|
|
Batting: SHB Oscar Barahona
|
0-0: Ball 1-0: SINGLE (Groundball, 34D, EV 93.8 MPH) Ryan Ward to second Runner from 2nd tries for 3rd, SAFE, throw by RF made to third
|
|
Batting: LHB Georges Lambert
|
0-0: Called Strike 0-1: Ball 1-1: Foul Ball, location: 2F 1-2: Ball 2-2: Ball 3-2: Hit by Pitch Oscar Barahona to second
|
|
Batting: RHB Wei-fang Ping
|
0-0: Swinging Strike 0-1: Swinging Strike 0-2: Ball Wild Pitch! Ryan Ward scores Oscar Barahona to third Georges Lambert to second 1-2: Foul Ball, location: 2F 1-2: Strikes out swinging
|
|
Batting: RHB Xavier Williams
|
0-0: Foul Ball, location: 2F 0-1: Swinging Strike 0-2: Ball 1-2: Ball 2-2: Strikes out swinging
|
| Top of the 8th over - 3 runs, 4 hits, 0 errors, 2 left on base; Grand Junction 6 - Bristol 0 |
| BOTTOM OF THE 8TH |
|
Bristol Pirates batting - Pitching for Grand Junction Rockies : LHP Rafael Lozano
|
|
Batting: SHB Nathan Clement
|
0-0: Called Strike 0-1: Ball 1-1: Fly out, F7 (Flyball, 7LM, EV 85.0 MPH)
|
|
Batting: RHB Ryan Thurston
|
0-0: Fly out, F7 (Flyball, 7, EV 83.8 MPH)
|
|
Pinch Hitting: RHB Oscar Mora
|
0-0: Ball 1-0: Foul Ball, location: 2F 1-1: Ball 2-1: Foul Ball, location: 2F 2-2: Foul Ball, location: 2F 2-2: Strikes out swinging
|
| Bottom of the 8th over - 0 runs, 0 hits, 0 errors, 0 left on base; Grand Junction 6 - Bristol 0 |
| TOP OF THE 9TH |
|
Grand Junction Rockies batting - Pitching for Bristol Pirates : LHP Ighlas Kumbuka
|
|
Pitching: RHP Tomas Cavazos
|
|
|
Now in RF: Sun-wei Kuai
|
|
|
Pinch Hitting: SHB Joan Coucieiro
|
0-0: Called Strike 0-1: Ball 1-1: Foul Ball, location: 2F 1-2: Ball 2-2: SOLO HOME RUN (Flyball, 89XD, EV 101.9 MPH), Distance : 398 ft
|
|
Batting: SHB Rich McDonald
|
0-0: Ball 1-0: Ball 2-0: Ball 3-0: Called Strike 3-1: TRIPLE (Flyball, 9LD, EV 115.6 MPH)
|
|
Batting: RHB Aaron Burnet
|
0-0: Ball 1-0: Ball 2-0: Ball 3-0: Base on Balls
|
|
Batting: RHB Dan Hoffman
|
0-0: Fly out, F4 (Popup, 6MD, EV 48.8 MPH)
|
|
Batting: RHB Ryan Ward
|
0-0: Called Strike 0-1: Fielders Choice at 2nd, 6-4 (Groundball, 6, EV 98.1 MPH) Rich McDonald scores
|
|
Batting: SHB Oscar Barahona
|
0-0: Fly out, F3 (Popup, 3F, EV 61.9 MPH)
|
| Top of the 9th over - 2 runs, 2 hits, 0 errors, 1 left on base; Grand Junction 8 - Bristol 0 |
| BOTTOM OF THE 9TH |
|
Bristol Pirates batting - Pitching for Grand Junction Rockies : LHP Rafael Lozano
|
|
Now in RF: J.D. Newman
|
|
|
Pinch Hitting: RHB Oscar Munoz
|
0-0: Called Strike 0-1: SINGLE (Flyball, 56D, EV 90.0 MPH)
|
|
Pitching: RHP David Landa
|
|
|
Pinch Hitting: LHB Damien Cohen
|
0-0: Called Strike 0-1: Ball 1-1: Ball 2-1: Ball 3-1: Base on Balls Oscar Munoz to second
|
|
Batting: RHB Matt Derrien
|
0-0: Swinging Strike 0-1: Ball 1-1: Ball 2-1: Swinging Strike 2-2: Strikes out swinging
|
|
Batting: LHB Ernesto Gasca
|
0-0: Called Strike 0-1: Called Strike 0-2: Foul Ball, location: 2F 0-2: Ball 1-2: Ball 2-2: Ball 3-2: Foul Ball, location: 2F 3-2: Strikes out looking
|
|
Pitching: RHP Alex Covarrubias
|
|
|
Batting: RHB Jon Solis
|
0-0: Ball 1-0: Foul Ball, location: 2F 1-1: Foul Ball, location: 2F 1-2: Ball 2-2: DOUBLE (Line Drive, 8LXD, EV 103.8 MPH) Oscar Munoz scores Damien Cohen to third
|
|
Batting: SHB Juan Ayala
|
0-0: Ball 1-0: Called Strike 1-1: TRIPLE (Flyball, 89XD, EV 103.8 MPH) Damien Cohen scores Jon Solis scores
|
|
Batting: SHB Nathan Clement
|
0-0: Swinging Strike 0-1: Ball 1-1: Swinging Strike 1-2: Strikes out swinging
|
| Bottom of the 9th over - 3 runs, 3 hits, 0 errors, 1 left on base; Grand Junction 8 - Bristol 3 |
|